 Dungeon Crawl Stone Soup version 0.30.0-17-ge0270778cf (webtiles) character file.

Game seed: 11557333150407636945

1644319 juan097 the Slayer (level 25, 244/253 HPs)
             Began as a Minotaur Berserker on May 21, 2023.
             Was a High Priest of Trog.
             Escaped with the Orb
             ... and 3 runes on May 22, 2023!
             The game lasted 02:20:25 (68421 turns).

juan097 the Slayer (Minotaur Berserker)            Turns: 68421, Time: 02:20:26

Health: 244/253    AC: 50    Str: 27    XL:     25   Next: 38%
Magic:  6/6        EV: 13    Int:  2    God:    Trog [*****.]
Gold:   1315       SH:  0    Dex: 19    Spells: 24/24 levels left

rFire   + + +        b - +9 battleaxe (antimagic)
rCold   + + .        (shield currently unavailable)
rNeg    + . .        P - +12 gold dragon scales
rPois   +            O - +2 hat
rElec   .            u - +2 cloak
rCorr   .            V - +2 pair of gloves {hurl}
SInv    +            B - +2 pair of boots {rF+}
Will    ++++.        Y - amulet of the Four Winds {rN+ Will+++ Clar} Stlth
                     K - ring of see invisible
HPRegen 0.62/turn    G - ring of the Republic {rF+ Str-2 Dex+6, =R}
MPRegen 0.10/turn

%: clarity
@: no status effects
A: horns 2, retaliatory headbutt, cold resistance 1, dopey 1, low MP 1, weak 1,
subdued magic 1
0: Orb of Zot
}: 3/15 runes: serpentine, barnacled, silver
a: Renounce Religion, Berserk, Trog's Hand, Brothers in Arms


You escaped.
You worshipped Trog.
Trog was extremely pleased with you.
You visited 8 branches of the dungeon, and saw 44 of its levels.
You also visited: Sewer, Bailey, Gauntlet, Volcano and Wizlab.

You collected 6522 gold pieces.
You spent 5207 gold pieces at shops.

Inventory:

Hand Weapons
 a - the +7 executioner's axe of the Hand {heavy, rElec rF- Will++ rCorr}
   (Trog gifted it to you on level 3 of the Lair of Beasts)

   rF:        It makes you vulnerable to fire.
   rElec:     It insulates you from electricity.
   rCorr:     It protects you from acid and corrosion.
   Will:      It greatly increases your willpower.
 b - a +9 antimagic battleaxe (weapon)
 w - a +8 battleaxe of electrocution
Missiles
 l - 4 curare-tipped darts
 y - 20 boomerangs
 C - 4 throwing nets
 X - 9 silver javelins (quivered)
 Z - 10 javelins
Armour
 u - a +2 cloak (worn)
 B - a +2 pair of boots of fire resistance (worn)
 O - a +2 hat (worn)
 P - +12 gold dragon scales (worn)
 V - a +2 pair of gloves of hurling (worn)
Jewellery
 G - the ring of the Republic (right hand) {rF+ Str-2 Dex+6, =R}
   (You found it in a Gauntlet)

   [ring of protection from fire]

   Str:       It affects your strength (-2).
   Dex:       It affects your dexterity (+6).
   rF:        It protects you from fire.
 H - a +4 ring of protection
 K - a ring of see invisible (left hand)
 Y - the amulet of the Four Winds (around neck) {rN+ Will+++ Clar}
   (You found it in a Gauntlet)

   [amulet of nothing]

   rN:        It protects you from negative energy.
   Clar:      It protects you from confusion, rage, mesmerisation and fear.
   Will:      It greatly increases your willpower.
Wands
 h - a wand of digging (1)
 z - a wand of roots (7)
 R - a wand of flame (55)
 S - a wand of quicksilver (6)
Scrolls
 d - a scroll of enchant armour
 e - 10 scrolls of poison
 f - a scroll of silence
 j - 5 scrolls of blinking
 m - a scroll of summoning
 s - 20 scrolls of teleportation
 v - 6 scrolls of fog
 J - 2 scrolls of brand weapon
 L - a scroll of enchant weapon
 M - 3 scrolls of magic mapping
 U - 5 scrolls of fear
Potions
 c - 3 potions of magic
 g - a potion of might
 k - 25 potions of curing
 n - 10 potions of lignification
 o - 2 potions of berserk rage
 p - 7 potions of resistance
 q - 2 potions of ambrosia
 r - 13 potions of flight
 t - 4 potions of cancellation
 E - 5 potions of heal wounds
 F - 13 potions of attraction
 I - 3 potions of invisibility
 Q - 8 potions of haste
Miscellaneous
 i - a phial of floods
 x - a box of beasts
 D - a tin of tremorstones (2/2)
 T - a phantom mirror


   Skills:
 + Level 25.9 Fighting
 - Level 24.0 Axes
 - Level 10.0 Ranged Weapons
 + Level 20.0 Throwing
 + Level 22.4 Armour
 - Level 12.0 Dodging
 - Level 13.0 Stealth
 - Level 16.0 Evocations


You had 24 spell levels left.
You didn't know any spells.
Your spell library was empty.

Dungeon Overview and Level Annotations

Branches:
Dungeon (15/15)            Temple (0/1) D:5            Lair (5/5) D:11
 Shoals (4/4) Lair:2        Snake (4/4) Lair:3        Slime (0/5) Lair:5
    Orc (2/2) D:11            Elf (0/3) Orc:2        Vaults (5/5) D:14
  Crypt (0/3) Vaults:2     Depths (4/4) D:15            Zot (5/5) Depths:4
  Sewer (visited)          Bailey (visited)         Volcano (visited)
 WizLab (visited)         Gauntlet (visited)

Altars:
Ashenzari
Cheibriados
Hepliaklqana
Kikubaaqudgha
Makhleb
Nemelex Xobeh
Qazlal
Ru
Sif Muna
Trog
Uskayaw
Vehumet
Xom
Yredelemnul
Zin
The Shining One

Shops:
D:3 :   D:4 :   D:5 :(   D:6 (   D:7 (   Orc:2 [[**[:[   Shoals:1 :
Snake:4 ***(!   Vaults:1 ?   Depths:1 ![   Depths:2 *

Portals:
Hell: Depths:1 Depths:2 Depths:3 Depths:4
Abyss: Depths:3
Pandemonium: Depths:2
Ziggurat: Depths:2
Trove: D:15 (give 6 scrolls of fog)

Annotations:
D:12 2 transporters
Depths:2 1 runed translucent door, exclusion: 2 lightning spires
Depths:4 4 runed translucent doors


Innate Abilities, Weirdness & Mutations

You have a pair of horns on your head.
You reflexively headbutt those who attack you in melee.
Your flesh is cold resistant. (rC+)
You are dopey. (Int -2)
Your magical capacity is low. (-10% MP)
You are weak. (Str -2)
Your spells are a little easier to cast, but a little less powerful.


Message History

There is an open door here.
A shadow demon comes into view.
The shadow demon gives a loud, deep croak!
You slice the shadow demon!!
The shadow demon's magic leaks into the air.
The shadow demon is heavily wounded.
You slice the shadow demon like a ripe choko!!!
You kill the shadow demon!
Trog accepts your kill.
No target in view!
(D) Dungeon (T) Temple (L) Lair (A) Shoals (P) Snake Pit (M) Slime Pits (O) Orcish Mines (E) Elven Halls (V) Vaults (C) Crypt (U) Depths (H) Hell (Z) Zot
Where to? (Enter - D:1 @ (x,y), ? - help)
A smoke demon comes into view.
The smoke demon misses you.
The smoke demon hits you but does no damage. x2
You slice the smoke demon!!
The smoke demon's magic leaks into the air.
You headbutt the smoke demon, but do no damage.
The smoke demon is heavily wounded.
You slice the smoke demon!!
You kill the smoke demon!
Trog accepts your kill.
An orange demon comes into view.
The orange demon screeches!
The orange demon stings you but does no damage.
The orange demon stings you but does no damage.
The orange demon closely misses you.
You slice the orange demon!!
The orange demon is heavily wounded.
You slice the orange demon like a ripe choko!!!
You kill the orange demon!
Trog accepts your kill.
There is an open door here.
There is an open door here.
There is an open door here.
There is a staircase leading out of the dungeon here.
You have escaped!

#..#.P.P.P..#..#♣
#..#....P...#..#
#..#.P...P..#..#
#..#........#..#
#..#...P....#..#
#'##....8...####
##..##########..##
#....'......#...)#
#@...#......'....#
##..##########..##
#### ####


There were no monsters in sight!

Vanquished Creatures
  4 dread liches
  3 ancient liches
  9 orbs of fire
  2 Killer Klowns (Zot:5)
  Margery (Vaults:4)
  Saint Roka (Vaults:1)
  A curse toe (Zot:4)
  2 caustic shrikes (Depths:3)
  A pandemonium lord (D:12)
  5 golden dragons
  A bone dragon (Depths:4)
  2 doom hounds (Depths:2)
  2 electric golems (Zot:5)
  A Brimstone Fiend (Zot:3)
  A Cloud Mage (WizLab)
  Jorgrun (Shoals:1)
  2 liches (Depths:3)
  6 tentacled monstrosities
  2 Hell Sentinels
  25 Orb Guardians
  The ghost of xzight the Executioner, an adept MiBe of Trog (Shoals:1)
  8 quicksilver dragons
  6 titans
  7 sphinxes
  5 death cobs
  Grunn (Depths:2)
  Gastronok (D:8)
  11 storm dragons
  11 shadow dragons
  Frances (D:14)
  6 tengu reavers
  5 nagarajas
  Donald (Shoals:1)
  3 draconian monks
  A draconian knight (Zot:1)
  8 frost giants
  2 ghost moths (Zot:4)
  Louise (D:15)
  8 fire giants
  3 iron dragons
  2 draconian scorchers
  A deep elf sorcerer (Vaults:5)
  15 vault wardens
  Aizul (Depths:2)
  A draconian stormcaller (Zot:5)
  20 ironbound preservers
  An orc warlord (Orc:2)
  4 draconian annihilators
  A reaper (Depths:1)
  17 stone giants
  28 very ugly things
  7 ironbound thunderhulks
  6 green draconians
  3 vampire knights
  Nessos (D:12)
  A deep elf annihilator (Vaults:4)
  Azrael (D:14)
  6 black draconians
  A bunyip (shapeshifter) (Depths:3)
  2 dire elephants
  9 spark wasps
  6 white draconians
  2 minotaurs
  12 purple draconians
  4 red draconians
  6 yellow draconians
  Josephine (Snake:1)
  7 blizzard demons
  A merfolk impaler (Shoals:1)
  A jiangshi (Depths:2)
  Snorg (D:10)
  A deep elf death mage (Vaults:4)
  2 entropy weavers (shapeshifter) (Depths:3)
  6 fire dragons
  15 yaktaur captains
  9 ettins
  2 deep elf high priests
  An entropy weaver (Vaults:4)
  A great orb of eyes (shapeshifter) (Depths:3)
  3 great orbs of eyes
  5 hydras
  8 ice dragons
  A jorogumo (shapeshifter) (Depths:3)
  39 vault guards
  3 hell beasts
  4 ghost crabs (WizLab)
  11 spriggan air magi
  2 merfolk aquamancers
  A salamander tyrant (Depths:2)
  2 catoblepae (Lair:5)
  A merfolk avatar (Shoals:4)
  3 anacondas
  3 rakshasas
  9 two-headed ogres
  5 boulder beetles
  A satyr (shapeshifter) (Vaults:4)
  2 ogre magi
  9 satyrs (Shoals:4)
  An alligator snapping turtle (Shoals:4)
  15 centaur warriors
  11 ironbound frosthearts
  5 tengu warriors
  A two-headed ogre (shapeshifter) (Vaults:5)
  An orc high priest (D:11)
  13 death yaks
  5 deep troll earth magi
  6 naga warriors
  Urug (Lair:2)
  10 deep troll shamans
  8 hell hogs
  5 shock serpents
  Nergalle (Orc:1)
  11 hell knights
  13 naga sharpshooters
  5 spriggans
  3 spriggan berserkers
  2 shadow wraiths (Vaults:4)
  Sonja (Lair:2)
  11 iron trolls
  Amaemon (D:8)
  2 salamander mystics
  2 skysharks
  A fire crab (Volcano)
  5 soul eaters (Depths:1)
  A death drake (shapeshifter) (Vaults:4)
  A sixfirhy (Gauntlet)
  3 death drakes (WizLab)
  4 glowing orange brains
  68 deep trolls
  2 shadow demons
  An orange crystal statue (Vaults:2)
  3 flayed ghosts
  An orb spider (shapeshifter) (Depths:3)
  7 sea snakes
  9 wizards
  6 phantasmal warriors
  3 naga ritualists
  12 harpies
  6 orc knights
  A wolf spider zombie (D:15)
  5 deep elf pyromancers
  8 necromancers
  18 ironbound convokers
  4 mana vipers (Snake:1)
  A shining eye (Depths:2)
  A wolf spider (shapeshifter) (Vaults:4)
  11 cyclopes
  9 fauns
  5 orc sorcerers
  35 ugly things
  3 oklob plants
  A salamander (shapeshifter) (Depths:3)
  12 manticores
  6 merfolk sirens
  10 moths of wrath
  23 elephants
  13 salamanders
  13 naga magi
  25 black mambas
  A water nymph (Shoals:3)
  2 eyes of devastation (Depths:2)
  An ice statue (D:8)
  A guardian serpent (Snake:1)
  15 vault sentinels
  4 smoke demons
  5 apocalypse crabs
  3 gargoyles
  2 torpor snails
  2 orange demons
  Psyche (D:8)
  A freezing wraith (Vaults:4)
  19 cane toads
  3 centaur skeletons (D:15)
  2 unseen horrors
  An unseen horror (shapeshifter) (Depths:3)
  4 rime drakes
  4 komodo dragons
  2 minotaur zombies (Gauntlet)
  16 yaktaurs
  7 tengu conjurers
  A red devil (D:2)
  13 merfolk
  2 meliai (shapeshifter)
  8 trolls
  3 meliai (D:15)
  3 polar bears (Lair:5)
  A queen bee (Gauntlet)
  28 blink frogs
  6 hornets
  6 wind drakes
  A tarantella (shapeshifter) (Vaults:4)
  15 dream sheep
  A dream sheep (shapeshifter) (Depths:3)
  23 slime creatures
  6 snapping turtles
  A jumping spider (shapeshifter) (Depths:3)
  A culicivora (shapeshifter) (Depths:3)
  11 air elementals (WizLab)
  2 spriggans (shapeshifter)
  2 shadows (D:11)
  A ynoxinul (Depths:4)
  5 wyverns
  30 yaks
  2 vampires
  6 wraiths
  A wyvern (shapeshifter) (Depths:3)
  2 fire elementals (D:14)
  10 water elementals
  5 basilisks
  8 vampire mosquitoes
  A chaos spawn (D:12)
  A basilisk (shapeshifter) (Depths:3)
  A steam dragon (Volcano)
  Menkaure (D:7)
  16 nagas
  7 wargs
  2 acid dragons
  3 hell hounds
  2 floating eyes (Depths:2)
  6 water moccasins
  39 orc warriors
  7 sky beasts
  2 black bears
  4 ice beasts
  6 wolves (Lair:5)
  8 boggarts
  20 centaurs
  3 ettin simulacra (Depths:2)
  11 ogres
  3 kobold brigands
  8 bullfrogs
  A gnoll sergeant (D:12)
  5 wights (D:9)
  19 killer bees
  A vampire bat (D:5)
  2 howler monkeys (D:11)
  7 electric eels
  9 lava snakes
  7 hounds
  A sleepcap (D:7)
  16 orc priests
  4 gnoll boudas
  3 iguanas
  6 jellies
  Terence (D:2)
  Ijyb (D:4)
  28 orc wizards
  A boggart skeleton (D:15)
  A malarious merfolk avatar (Sewer)
  A sickly merfolk siren (Sewer)
  2 lightning spires (Depths:2)
  25 gnolls
  2 river rats (Sewer)
  18 adders
  4 white imps
  3 ufetubi
  2 worms (D:3)
  5 dart slugs
  17 fire bats
  89 orcs
  2 spectral bats (D:5)
  17 bats
  A bat simulacrum (D:5)
  3 bat skeletons (D:5)
  A bat zombie (D:5)
  25 endoplasms
  5 giant cockroaches
  21 goblins
  12 hobgoblins
  10 jackals
  20 kobolds
  5 quokkas
  16 ball pythons
  8 frilled lizards
  29 rats
1858 creatures vanquished.

Vanquished Creatures (collateral kills)
  A vault warden (Vaults:4)
  A very ugly thing (Vaults:4)
  A black draconian (Depths:4)
  2 yellow draconians (Depths:4)
  A purple draconian (Depths:4)
  An ettin (Depths:4)
  Harold (D:9)
  A two-headed ogre (D:11)
  An ironbound convoker (Vaults:4)
  A wizard (Vaults:4)
  3 orc knights (Orc:2)
  An ugly thing (Vaults:4)
  9 orc warriors (Orc:2)
  An orc (Orc:2)
25 creatures vanquished.

Vanquished Creatures (others)
  A two-headed ogre (D:13)
  A wizard (Vaults:4)
  An air elemental (WizLab)
  2 orc priests
  An orc (Orc:1)
6 creatures vanquished.

Grand Total: 1889 creatures vanquished

Notes
Turn   | Place    | Note
-------+----------+-------------------------------------------
     0 | D:1      | juan097 the Minotaur Berserker began the quest for the Orb.
     0 | D:1      | Reached XP level 1. HP: 19/19 MP: 0/0
   154 | D:1      | Found a faded altar of an unknown god.
   222 | D:1      | Reached XP level 2. HP: 27/27 MP: 1/1
   589 | D:1      | Reached ** piety under Trog
   677 | D:1      | Reached skill level 1 in Stealth
   677 | D:1      | Reached XP level 3. HP: 32/33 MP: 2/2
   885 | D:2      | Reached skill level 4 in Fighting
  1133 | D:2      | Reached XP level 4. HP: 37/40 MP: 3/3
  1199 | D:2      | Noticed Terence
  1207 | D:2      | Killed Terence
  1462 | D:3      | Reached skill level 5 in Axes
  1462 | D:3      | Reached XP level 5. HP: 44/46 MP: 4/4
  1561 | D:3      | Found a glowing drain.
  1582 | Sewer    | Entered a sewer
  1707 | Sewer    | Reached *** piety under Trog
  1867 | Sewer    | Reached XP level 6. HP: 53/53 MP: 5/5
  2076 | D:3      | Found a glowing silver altar of Zin.
  2230 | D:3      | Found Gifimoypt's Book Shoppe.
  2240 | D:3      | Found an ancient bone altar of Kikubaaqudgha.
  2285 | D:3      | Reached **** piety under Trog
  2682 | D:4      | Found a burning altar of Makhleb.
  2742 | D:4      | Found Qiumporph's Book Shoppe.
  2755 | D:4      | Reached skill level 5 in Fighting
  2879 | D:4      | Noticed Ijyb
  2925 | D:4      | Killed Ijyb
  2970 | D:4      | Reached ***** piety under Trog
  3052 | D:4      | Reached XP level 7. HP: 47/61 MP: 6/6
  3192 | D:4      | Found a sparkling altar of Nemelex Xobeh.
  3537 | D:5      | Entered Level 5 of the Dungeon
  3537 | D:5      | Found Berijul's Book Shoppe.
  3632 | D:5      | Identified the +4 hand axe "Gerhet" {elec, rC+}
  3632 | D:5      | Found Remmoyn's Weapon Emporium.
  3637 | D:5      | Reached skill level 5 in Armour
  3640 | D:5      | Bought a throwing net for 42 gold pieces
  3787 | D:5      | Reached skill level 6 in Fighting
  3787 | D:5      | Reached XP level 8. HP: 70/70 MP: 7/7
  3928 | D:5      | Found a staircase to the Ecumenical Temple.
  4022 | D:5      | Reached skill level 5 in Dodging
  4139 | D:5      | Found Innieda's Antique Armour Shop.
  4629 | D:5      | Reached skill level 1 in Ranged Weapons
  4842 | D:6      | Reached skill level 1 in Throwing
  4895 | D:6      | Reached skill level 1 in Evocations
  5465 | D:6      | Found a sacrificial altar of Ru.
  5466 | D:6      | Found a stormy altar of Qazlal.
  5621 | D:6      | Found Ozaepac's Antique Weapon Shop.
  5633 | D:6      | Bought a glowing shortbow for 114 gold pieces
  5701 | D:6      | Found a glowing golden altar of the Shining One.
  5772 | D:7      | Reached XP level 9. HP: 71/78 MP: 8/8
  5796 | D:7      | Found Zias's Antique Weapon Shoppe.
  5848 | D:7      | Reached skill level 7 in Fighting
  5914 | D:7      | Found a flagged portal.
  5986 | D:7      | Reached ****** piety under Trog
  6007 | Bailey   | Entered a bailey
  6021 | Bailey   | Received a gift from Trog
  6100 | Bailey   | Noticed an orc knight
  6145 | Bailey   | Killed an orc knight
  6181 | Bailey   | Noticed an orc sorcerer
  6184 | Bailey   | Noticed a sixfirhy
  6191 | Bailey   | Paralysed by an orc sorcerer for 2 turns
  6195 | Bailey   | Killed an orc sorcerer
  6196 | Bailey   | Reached skill level 10 in Axes
  6568 | Bailey   | Reached XP level 10. HP: 88/88 MP: 9/9
  6658 | Bailey   | Identified the +8 morningstar of Lagir {speed, rF- Int+5}
  6671 | Bailey   | Noticed an orc sorcerer
  6679 | Bailey   | Killed an orc sorcerer
  6680 | Bailey   | Reached skill level 8 in Fighting
  6686 | Bailey   | Found an iron altar of Okawaru.
  6899 | D:7      | Acquired a manual of Axes
  7390 | D:7      | Noticed Menkaure
  7395 | D:7      | Killed Menkaure
  7685 | D:8      | Noticed Gastronok
  7714 | D:8      | Killed Gastronok
  7809 | D:8      | Noticed an orange demon
  7826 | D:8      | Killed an orange demon
  7827 | D:8      | Reached skill level 9 in Fighting
  7828 | D:8      | Found a hazy altar of Hepliaklqana.
  7867 | D:8      | Noticed Amaemon
  7880 | D:8      | Killed Amaemon
  7895 | D:8      | Reached XP level 11. HP: 26/97 MP: 10/10
  8153 | D:8      | Noticed Psyche
  8163 | D:8      | Killed Psyche
  8630 | D:8      | Found a bloodstained altar of Trog.
  8834 | D:8      | Received a gift from Trog
  9169 | D:9      | Noticed a two-headed ogre
  9176 | D:9      | Killed a two-headed ogre
  9312 | D:9      | Reached skill level 15 in Axes
  9407 | D:9      | Found a basalt altar of Yredelemnul.
  9542 | D:9      | Noticed Harold
  9561 | D:9      | Killed Harold
  9993 | D:10     | Entered Level 10 of the Dungeon
 10020 | D:10     | Noticed a two-headed ogre
 10027 | D:10     | Killed a two-headed ogre
 10028 | D:10     | Reached skill level 10 in Fighting
 10118 | D:10     | Found a radiant altar of Vehumet.
 10221 | D:10     | Reached skill level 10 in Armour
 10693 | D:11     | Noticed a boulder beetle
 10705 | D:11     | Killed a boulder beetle
 10829 | D:11     | Noticed a boulder beetle
 10945 | D:11     | Killed a boulder beetle
 10971 | D:11     | Noticed a two-headed ogre
 10976 | D:11     | Killed a two-headed ogre
 11023 | D:11     | Noticed a boulder beetle
 11040 | D:11     | Killed a boulder beetle
 11283 | D:11     | Noticed a two-headed ogre
 11513 | D:12     | Noticed Nessos
 11525 | D:12     | Killed Nessos
 11526 | D:12     | Reached skill level 11 in Fighting
 11526 | D:12     | Reached XP level 12. HP: 103/110 MP: 11/11
 11920 | D:12     | Found a transporter.
 11920 | D:12     | Noticed a centaur warrior
 11940 | D:11     | Found a stormy altar of Qazlal.
 11940 | D:11     | Noticed a two-headed ogre
 11950 | D:12     | Killed a two-headed ogre
 12254 | D:11     | Found a staircase to the Orcish Mines.
 12258 | Orc:1    | Entered Level 1 of the Orcish Mines
 12272 | Orc:1    | Noticed an orc high priest
 12487 | D:11     | Killed an orc high priest
 12947 | Orc:2    | Entered Level 2 of the Orcish Mines
 13192 | Orc:2    | Received a gift from Trog
 13429 | Orc:2    | Reached skill level 12 in Fighting
 13891 | Orc:2    | Noticed a two-headed ogre
 14137 | Orc:2    | Killed a two-headed ogre
 14596 | Orc:2    | Found Soqaybb's Armour Shoppe.
 14596 | Orc:2    | Found Juji's Antique Armour Emporium.
 14639 | Orc:2    | Noticed an orc warlord
 14645 | Orc:2    | Found a staircase to the Elven Halls.
 14649 | Orc:2    | Killed an orc warlord
 14963 | Orc:2    | Found Moafitei's Armour Boutique.
 14970 | Orc:2    | Found Kod Jica's Book Emporium.
 15000 | Orc:2    | Found Dofirchu's Distillery.
 15000 | Orc:2    | Found Xyph's General Store.
 15000 | Orc:2    | Found Xesm's Armour Boutique.
 15003 | Orc:2    | Found Kyamel's Assorted Antiques.
 15007 | Orc:2    | Bought a potion of heal wounds for 55 gold pieces
 15007 | Orc:2    | Bought a potion of attraction for 33 gold pieces
 15008 | Orc:2    | Bought a scroll of blinking for 105 gold pieces
 15015 | Orc:2    | Bought a golden potion for 19 gold pieces
 15015 | Orc:2    | Bought a bubbling inky potion for 19 gold pieces
 15174 | Orc:1    | Noticed Nergalle
 15181 | Orc:1    | Killed Nergalle
 15182 | Orc:1    | Reached XP level 13. HP: 63/114 MP: 12/12
 15580 | Orc:2    | Bought a pair of embroidered gloves for 165 gold pieces
 15595 | Orc:2    | Bought a +2 pair of boots for 247 gold pieces
 15659 | Orc:2    | Bought a distressingly furry plate armour for 616 gold
                  | pieces
 15659 | Orc:2    | Identified the +8 plate armour "Ninilemn" {Contam rC+
                  | Will++ Int+2} (You bought it in a shop on level 2 of the
                  | Orcish Mines)
 15703 | Orc:2    | Bought a potion of resistance for 140 gold pieces
 15704 | Orc:2    | Bought a potion of haste for 110 gold pieces
 15706 | Orc:2    | Bought a potion of heal wounds for 110 gold pieces
 15717 | Orc:2    | Bought a potion of might for 44 gold pieces
 16013 | D:10     | Noticed Snorg
 16024 | D:10     | Killed Snorg
 16491 | D:11     | Found a staircase to the Lair.
 16684 | Lair:1   | Entered Level 1 of the Lair of Beasts
 16727 | Lair:1   | Reached skill level 5 in Ranged Weapons
 16730 | Lair:1   | Reached skill level 5 in Throwing
 16870 | Lair:1   | Found a gate leading to a gauntlet.
 16893 | Gauntlet | Entered a Gauntlet
 16893 | Gauntlet | Found a transporter.
 16893 | Gauntlet | Found a transporter.
 16896 | Gauntlet | Found a transporter.
 16897 | Gauntlet | Found a transporter.
 16907 | Gauntlet | Found a transporter.
 16907 | Gauntlet | Found the brooch of Shielding {Spirit SH+8}
 16911 | Gauntlet | Found a transporter.
 16918 | Gauntlet | Noticed a dire elephant
 16923 | Gauntlet | Found a transporter.
 16923 | Gauntlet | Found the amulet of the Four Winds {rN+ Will+++ Clar}
 16926 | Gauntlet | Found a transporter.
 16947 | Gauntlet | Found a transporter.
 16949 | Gauntlet | Found a transporter.
 16959 | Gauntlet | Found a transporter.
 17009 | Gauntlet | Found a transporter.
 17113 | Gauntlet | Received a gift from Trog
 17179 | Gauntlet | Identified the ring of the Republic {rF+ Str-2 Dex+6}
 17205 | Gauntlet | Reached skill level 5 in Evocations
 17281 | Gauntlet | Identified the +11 great mace of Starshine {antimagic,
                  | Dex+2}
 17281 | Gauntlet | Noticed a minotaur
 17290 | Gauntlet | Killed a minotaur
 17291 | Gauntlet | Reached skill level 13 in Fighting
 17682 | Lair:1   | Identified the +8 hand axe of Gied Eni {spect, rN++}
 19026 | Lair:2   | Noticed Sonja
 19028 | Lair:2   | Killed Sonja
 19135 | Lair:2   | Found a staircase to the Shoals.
 19288 | Lair:2   | Noticed Urug
 19299 | Lair:2   | Killed Urug
 20055 | Lair:3   | Reached XP level 14. HP: 110/129 MP: 13/13
 20146 | Lair:3   | Identified the +7 executioner's axe of the Hand {heavy,
                  | rElec rF- Will++ rCorr} (Trog gifted it to you on level 3
                  | of the Lair of Beasts)
 20146 | Lair:3   | Received a gift from Trog
 20377 | Lair:3   | Found a staircase to the Snake Pit.
 20739 | Lair:3   | Found the +16 obsidian axe {drain, demonic, Mesm Drain Fly
                  | SInv}
 22148 | Lair:4   | Identified the +5 ring mail "Tyogala" {+Inv Str+3 Int+2}
 22343 | Lair:5   | Entered Level 5 of the Lair of Beasts
 22359 | Lair:5   | Reached skill level 14 in Fighting
 22539 | Lair:5   | Received a gift from Trog
 22682 | Lair:5   | Found a dark tunnel.
 22699 | Volcano  | Entered a volcano
 22901 | Volcano  | Found a radiant altar of Vehumet.
 23078 | Lair:5   | Reached XP level 15. HP: 139/139 MP: 14/14
 23144 | Lair:5   | Found a staircase to the Slime Pits.
 23286 | Lair:5   | Received a gift from Trog
 24328 | Orc:2    | Bought a +0 cloak for 67 gold pieces
 24614 | D:12     | Found a transporter.
 24745 | D:12     | a dire elephant changed into a fire giant
 24745 | D:12     | Noticed a fire giant (glowing shapeshifter)
 24746 | D:12     | a fire giant changed into a sphinx
 24746 | D:12     | Noticed a sphinx (glowing shapeshifter)
 24752 | D:12     | a sphinx changed into a frost giant
 24752 | D:12     | Noticed a frost giant (glowing shapeshifter)
 24768 | D:12     | Noticed a shadow dragon
 24768 | D:12     | a shadow dragon changed into a sphinx
 24768 | D:12     | Noticed a sphinx (glowing shapeshifter)
 25283 | D:13     | Reached skill level 10 in Dodging
 25966 | D:14     | Noticed Frances
 25974 | D:14     | Killed Frances
 26128 | D:14     | Noticed Azrael
 26138 | D:14     | Killed Azrael
 26434 | D:14     | Found a gate to the Vaults.
 26457 | D:14     | Reached skill level 15 in Fighting
 26656 | D:14     | Reached skill level 15 in Armour
 27220 | D:15     | Entered Level 15 of the Dungeon
 27237 | D:15     | Received a gift from Trog
 27414 | D:15     | Reached XP level 16. HP: 146/149 MP: 15/15
 28040 | D:15     | Found a staircase to the Depths.
 28160 | D:15     | Noticed Louise
 28172 | D:15     | Killed Louise
 28330 | D:15     | Found a portal to a secret trove of treasure.
 28686 | Snake:1  | Entered Level 1 of the Snake Pit
 28778 | Snake:1  | Noticed Josephine
 28789 | Snake:1  | Killed Josephine
 28795 | Snake:1  | Reached skill level 10 in Ranged Weapons
 29003 | Snake:1  | Identified the +0 chain mail "Seruos" {Drain Str+9 Int+3}
 30309 | Snake:3  | Received a gift from Trog
 30450 | Snake:4  | Entered Level 4 of the Snake Pit
 30551 | Snake:4  | Found Soilegh's Distillery.
 30551 | Snake:4  | Found Qaphoneh's General Store.
 30555 | Snake:4  | Found Saamith's General Store.
 30557 | Snake:4  | Found Dohoumab's Antique Weapon Boutique.
 30562 | Snake:4  | Bought a potion of ambrosia for 112 gold pieces
 30562 | Snake:4  | Bought a potion of heal wounds for 70 gold pieces
 30562 | Snake:4  | Bought a potion of might for 56 gold pieces
 30562 | Snake:4  | Bought a potion of haste for 140 gold pieces
 30576 | Snake:4  | Bought a scroll of acquirement for 728 gold pieces
 30577 | Snake:4  | Acquired a +2 pair of gloves of hurling
 31675 | Snake:4  | Found Komyff's General Store.
 32263 | Snake:4  | Reached skill level 16 in Fighting
 32308 | Snake:4  | Reached XP level 17. HP: 148/158 MP: 16/16
 32425 | Snake:4  | Got a serpentine rune of Zot
 32574 | Snake:4  | Bought a potion of heal wounds for 95 gold pieces
 32747 | Shoals:1 | Entered Level 1 of the Shoals
 32781 | Shoals:1 | Reached skill level 10 in Throwing
 32815 | Shoals:1 | Noticed Jorgrun
 32835 | Shoals:1 | Killed Jorgrun
 33041 | Shoals:1 | Noticed Donald
 33046 | Shoals:1 | Found Bixiwn's Book Boutique.
 33068 | Shoals:1 | Killed Donald
 33414 | Shoals:1 | Found a runed translucent door.
 33428 | Shoals:1 | Noticed xzight's ghost (adept MiBe)
 34156 | Shoals:1 | Killed xzight's ghost
 34746 | Shoals:4 | Entered Level 4 of the Shoals
 34755 | Shoals:4 | Received a gift from Trog
 36365 | Shoals:4 | Reached skill level 10 in Evocations
 36734 | Shoals:4 | Got a barnacled rune of Zot
 36966 | Vaults:1 | Entered Level 1 of the Vaults
 37148 | Vaults:1 | Received a gift from Trog
 37430 | Vaults:1 | Reached XP level 18. HP: 158/168 MP: 17/17
 37483 | Vaults:1 | Reached skill level 17 in Fighting
 38045 | Vaults:1 | Noticed Saint Roka
 38067 | Vaults:1 | Killed Saint Roka
 38517 | Vaults:1 | Found a transporter.
 38519 | Vaults:1 | Found Elayxao's Magic Scroll Emporium.
 38541 | Vaults:1 | Found a transporter.
 38801 | Vaults:2 | Received a gift from Trog
 40484 | Vaults:2 | Found a staircase to the Crypt.
 40484 | Vaults:2 | Found a basalt altar of Yredelemnul.
 40485 | Vaults:2 | Found an ancient bone altar of Kikubaaqudgha.
 40884 | Vaults:2 | Identified the +1 robe of the Peculiar Knives {Int+3}
 41872 | Vaults:3 | Reached skill level 18 in Fighting
 42286 | Vaults:3 | Received a gift from Trog
 42860 | Vaults:4 | Reached XP level 19. HP: 180/180 MP: 18/18
 43018 | Vaults:4 | Noticed a dread lich
 43292 | Vaults:3 | Killed a dread lich
 43375 | Vaults:4 | Reached skill level 19 in Fighting
 43807 | Vaults:4 | Identified the +2 chain mail "Viloz" {rC+ rCorr Stlth+}
 44184 | Vaults:4 | Reached skill level 20 in Fighting
 44483 | Vaults:4 | Received a gift from Trog
 45260 | Vaults:4 | Noticed Margery
 45279 | Vaults:4 | Killed Margery
 45486 | Vaults:5 | Entered Level 5 of the Vaults
 45926 | Vaults:4 | Received a gift from Trog
 46191 | Depths:1 | Entered Level 1 of the Depths
 46206 | Depths:1 | Reached XP level 20. HP: 154/195 MP: 19/19
 46388 | Depths:1 | Found Tuiseu's Distillery.
 46396 | Depths:1 | Found Jont's Armour Shop.
 47096 | Depths:1 | Identified the +2 chain mail "Gienawk" {+Inv rElec}
 47289 | Depths:1 | Reached skill level 21 in Fighting
 47597 | Depths:1 | Found a gateway to Hell.
 47754 | Depths:2 | Found a one-way gateway to a ziggurat.
 47756 | Depths:2 | Paralysed by a floating eye for 3 turns
 47767 | Depths:2 | Received a gift from Trog
 48037 | Depths:2 | Found a hide-covered altar of Uskayaw.
 48093 | Depths:2 | Paralysed by a floating eye for 4 turns
 48635 | Depths:2 | Noticed Aizul
 48649 | Depths:2 | Killed Aizul
 49502 | Depths:2 | Found a one-way gate leading to the halls of Pandemonium.
 49522 | Depths:2 | Noticed Grunn
 49522 | Depths:2 | Noticed a doom hound
 49528 | Depths:2 | Killed a doom hound
 49529 | Depths:2 | Noticed a doom hound
 49538 | Depths:2 | Killed Grunn
 49542 | Depths:2 | Killed a doom hound
 49735 | Depths:2 | Received a gift from Trog
 50064 | Depths:2 | Paralysed by a floating eye for 3 turns
 50096 | Depths:2 | Found Big Baal Hell's Store.
 50292 | Depths:2 | Found Big Baal Hell's Store.
 50300 | Depths:2 | Bought a +0 pair of boots of fire resistance for 759 gold
                  | pieces
 50367 | Depths:2 | Found a runed translucent door.
 50597 | Depths:2 | Found a one-way gateway to a ziggurat.
 50696 | Depths:2 | Found a hide-covered altar of Uskayaw.
 50748 | Depths:2 | Found a one-way gate leading to the halls of Pandemonium.
 51293 | Depths:3 | Found a glowing golden altar of the Shining One.
 51307 | Depths:3 | Reached skill level 22 in Fighting
 51448 | Depths:3 | Found a one-way gate to the infinite horrors of the Abyss.
 51522 | Depths:3 | Found a shimmering blue altar of Sif Muna.
 51525 | Depths:3 | Found a sacrificial altar of Ru.
 51525 | Depths:3 | Found a snail-covered altar of Cheibriados.
 51527 | Depths:3 | Found a sparkling altar of Nemelex Xobeh.
 51527 | Depths:3 | Found a shimmering altar of Xom.
 51527 | Depths:3 | Found a broken altar of Ashenzari.
 51559 | Depths:3 | Reached XP level 21. HP: 203/207 MP: 20/20
 51657 | Depths:3 | Found a snail-covered altar of Cheibriados.
 52049 | Depths:3 | You fall into a shaft and drop 1 floor!
 52049 | Depths:4 | Entered Level 4 of the Depths
 52049 | Depths:4 | Found a runed translucent door.
 52051 | Depths:4 | Found a runed translucent door.
 52062 | Depths:4 | Found a runed translucent door.
 52068 | Depths:4 | Received a gift from Trog
 52180 | Depths:4 | Found a gate to the Realm of Zot.
 52294 | Depths:4 | Found a runed translucent door.
 52310 | Depths:4 | Reached skill level 15 in Evocations
 52417 | Depths:4 | Reached skill level 23 in Fighting
 52446 | Depths:4 | Found a magical portal.
 52459 | WizLab   | Entered The Chambers of the Cloud Mage
 52670 | WizLab   | Paralysed by an air elemental for 1 turns
 52733 | WizLab   | Paralysed by an air elemental for 1 turns
 52749 | WizLab   | Paralysed by an air elemental for 1 turns
 53158 | WizLab   | Paralysed by an air elemental for 1 turns
 53607 | WizLab   | Identified the staff of conjuration "Egeqoiwn" {rC+ rN+
                  | Will+ Int-2 Dex+3}
 53616 | WizLab   | Identified the +1 quarterstaff of the Vase {venom, Dex+3}
 53863 | Depths:3 | Received a gift from Trog
 54149 | Depths:3 | Noticed a caustic shrike
 54152 | Depths:3 | Killed a caustic shrike
 54748 | Depths:3 | Noticed a golden dragon
 54749 | Depths:3 | Reached skill level 24 in Fighting
 54760 | Depths:3 | Killed a golden dragon
 55028 | Depths:3 | Reached skill level 5 in Stealth
 55039 | Depths:3 | Noticed a caustic shrike
 55040 | Depths:3 | Killed a caustic shrike
 55076 | Depths:3 | Identified the staff of fire "Keliop" {rF+ Dex+3}
 55283 | Depths:3 | Reached XP level 22. HP: 80/219 MP: 21/21
 56011 | Depths:4 | Received a gift from Trog
 56445 | Depths:4 | Found a runed translucent door.
 56452 | Depths:4 | Found a runed translucent door.
 56542 | Depths:4 | Reached skill level 10 in Stealth
 56812 | Depths:4 | Found a hazy altar of Hepliaklqana.
 57948 | Vaults:4 | Received a gift from Trog
 58630 | Vaults:5 | Noticed an ancient lich
 58961 | Vaults:5 | Identified the +6 mace of Jiteraro {drain, *Slow rF+++
                  | Str+7 Stlth+}
 59283 | Vaults:4 | Reached skill level 15 in Throwing
 59491 | Vaults:4 | Killed an ancient lich
 59953 | Vaults:5 | Received a gift from Trog
 60043 | Vaults:5 | Identified the ring "Tushed" {Ice Int+5 Slay+2}
 60045 | Vaults:5 | Identified the ring "Raaboshri" {Will+ Int+6}
 60055 | Vaults:5 | Got a silver rune of Zot
 61046 | Vaults:5 | Noticed an ancient lich
 61050 | Vaults:5 | Killed an ancient lich
 61257 | Vaults:5 | Identified the +0 robe of Hokedum {Int+4 Stlth+}
 61261 | Vaults:5 | Identified the +6 flail of Ezxot {antimagic, Fly rCorr}
 61477 | Vaults:5 | Identified the +4 flail of the Heavens {venom, rC+ rN+
                  | Int-3}
 61820 | Zot:1    | Entered Level 1 of the Realm of Zot
 61863 | Zot:1    | Reached XP level 23. HP: 227/229 MP: 22/22
 62867 | Depths:1 | Bought a potion of experience for 750 gold pieces
 63202 | Snake:4  | Bought 2 potions of haste for 380 gold pieces
 63202 | Snake:4  | Reached XP level 24. HP: 238/238 MP: 22/22
 63467 | Orc:2    | Bought a potion of invisibility for 88 gold pieces
 63467 | Orc:2    | Bought a potion of might for 44 gold pieces
 63467 | Orc:2    | Bought a potion of curing for 33 gold pieces
 63467 | Orc:2    | Bought a potion of curing for 33 gold pieces
 63467 | Orc:2    | Bought a potion of curing for 33 gold pieces
 64154 | Zot:5    | Entered Level 5 of the Realm of Zot
 64658 | Zot:5    | Noticed an orb of fire
 64681 | Zot:5    | Killed an orb of fire
 65325 | Zot:5    | Noticed an orb of fire
 65326 | Zot:5    | Noticed an orb of fire
 65327 | Zot:5    | Noticed an orb of fire
 65328 | Zot:5    | Noticed an orb of fire
 65332 | Zot:5    | Noticed an orb of fire
 65333 | Zot:5    | Noticed an orb of fire
 65358 | Zot:4    | Killed an orb of fire
 65363 | Zot:4    | Killed an orb of fire
 65626 | Zot:5    | Noticed a dread lich
 65640 | Zot:4    | Killed an orb of fire
 65768 | Zot:5    | Noticed a dread lich
 65769 | Zot:5    | Gained mutation: Your magical capacity is low. (-10% MP)
                  | [an orb of fire]
 65771 | Zot:5    | Noticed a dread lich
 65788 | Zot:4    | Killed an orb of fire
 65860 | Zot:5    | Gained mutation: Your flesh is cold resistant. (rC+) [an
                  | orb of fire]
 65878 | Zot:4    | Killed a dread lich
 65885 | Zot:4    | Killed an orb of fire
 65886 | Zot:4    | Reached skill level 25 in Fighting
 66048 | Zot:4    | Killed a dread lich
 66295 | Zot:5    | Noticed an ancient lich
 66308 | Zot:4    | Killed a dread lich
 66311 | Zot:5    | Gained mutation: You are weak. (Str -2) [an orb of fire]
 66511 | Zot:5    | Noticed a Killer Klown
 66520 | Zot:4    | Killed an ancient lich
 66660 | Zot:4    | Noticed an orb of fire
 66674 | Zot:4    | Killed an orb of fire
 66829 | Zot:4    | Gained mutation: You are dopey. (Int -2) [an orb of fire]
 66840 | Zot:4    | Killed an orb of fire
 66841 | Zot:4    | Reached XP level 25. HP: 250/250 MP: 1/19
 66946 | Zot:5    | Noticed an orb of fire
 66949 | Zot:5    | Noticed a Killer Klown
 66955 | Zot:4    | Gained mutation: Your spells are a little easier to cast,
                  | but a little less powerful. [an orb of fire]
 66972 | Zot:4    | Killed an orb of fire
 66972 | Zot:4    | Received a gift from Trog
 67150 | Zot:5    | Killed a Killer Klown
 67162 | Zot:5    | Killed a Killer Klown
 67727 | Zot:5    | Got the Orb of Zot
 67921 | Zot:1    | Noticed Gevus the pandemonium lord
 68024 | Depths:1 | Noticed Orynus the pandemonium lord
 68153 | D:12     | Noticed Illofol the pandemonium lord
 68181 | D:12     | Killed Illofol the pandemonium lord
 68421 | D:$      | Escaped with the Orb!

Illustrated notes

Levels and vault maps discovered:
D:1:      sevenhm_arrival_forest_fort_large_4, layout_basic,
          chequers_ecumenical_altar_simple_redux, dreamdust_princess_corridor,
          minmay_misc_feat_hallway
D:2:      layout_basic, uniq_terence
D:3:      wander_river, layout_basic, zin_academy,
          mainiacjoe_overflow_six_doors_small, cheibrodos_sewer_entry_sluice,
          serial_shops, shop, hangedman_feature_mirror, dreamdust_wishing_well,
          kennysheep_cross_room
D:4:      kennysheep_goblin_castle, layout_cave_pools,
          mainiacjoe_overflow_boulevard, nemelex_diamond_rough_becter,
          serial_shops, shop, serial_park, serial_park_square1
          [serial_park_minivault_5x5_7], serial_park_tiny_1, serial_park_tiny_1,
          serial_park_square3 [serial_park_minivault_5x5_6]
D:5:      layout_loops_corners, minmay_temple_entry_slanted, serial_shops, shop,
          nicolae_shop_getting_attention, nicolae_shop_tiny_real_fake_doors,
          goddamned_bats
D:6:      layout_loops_corners, nicolae_overflow_squiral,
          nicolae_tso_swordbearing_angel, serial_shops, shop_statue
D:7:      layout_loops_ring, serial_shops, shop, enter_bailey_8,
          nicolae_sextant, grunt_ministairs_13, minivault_22,
          hangedman_decor_opposing, uniq_menkaure
D:8:      lemuel_ice_statue, layout_loops_ring, old_standard_altar,
          kennysheep_little_box, chequers_serial_rivers_small_3, uniq_amaemon,
          uniq_gastronok, uniq_psyche
D:9:      layout_cave_pods, mainiacjoe_overflow_cross_hatched,
          hangedman_decor_slide_cut, uniq_harold
D:10:     layout_gridville, nicolae_vehumet_radiance, uniq_snorg
D:11:     kennysheep_six_static_rooms, layout_loops_cross, lair_entry_dummy,
          orc_0_dummy, nicolae_qazlal_scattered_showers
D:12:     gammafunk_sealed_arena, layout_stronghold, uniq_nessos
D:13:     layout_cave_pools
D:14:     statuecave_lemuel, layout_long_grid, erik_vaults_2,
          nicolae_cairo_tiling_very_big, minmay_joined_circles, uniq_azrael,
          uniq_frances
D:15:     grunt_enter_depths_magical_seal, layout_long_grid, enter_trove_5,
          dk_noncrumbling_3, uniq_louise
Lair:1:   layout_gridlike, gauntlet_entry_generic
Lair:2:   lemuel_slime, layout_cellular_growth, elwin_shoals_entry_rooms,
          grunt_megastairs_5, lemuel_fruit_fields, uniq_sonja, uniq_urug
Lair:3:   layout_hall_layers, nicolae_snake_entry_warm_welcome, st_stairs_10,
          serial_bayou_pond_e, dreamdust_deal_with_the_devil,
          grunt_megastairs_1, serial_bayou_shore_a, infiniplex_staircase_pool
Lair:4:   layout_roguey, grunt_megastairs_2
Lair:5:   grunt_lair_end_beastmaster, layout_regular_city,
          dpeg_slime_entry_corner, nicolae_volcano_entry_batcave,
          nicolae_quartered_pool_medium, hibernation_bobbens
Shoals:1: layout_shoals, serial_shops, shop, gammafunk_ghost_grave,
          uniq_jorgrun, uniq_donald
Shoals:2: layout_shoals, nicolae_shoals_mertower
Shoals:3: layout_shoals, nicolae_shoals_so_close, uniq_nikola, uniq_ilsuiw
Shoals:4: shoals_end_hellmonk_lost_city
Snake:1:  layout_basic, nicolae_snake_gridmaze_tees, uniq_josephine
Snake:2:  layout_onion, st_stairs_7, serial_bayou_shore_b, grunt_megastairs_4,
          uniq_vashnia
Snake:3:  layout_onion_interference, lemuel_fruit_tree
Snake:4:  snake_pit, layout_cave_town, serial_shops,
          nicolae_shop_back_alley_shop, minmay_shoptagon
Orc:1:    layout_diamond_mine, uniq_nergalle
Orc:2:    st_orc_rangers, layout_caves, serial_shops, shop,
          nicolae_shop_hallway_plus, shop, nicolae_shop_hallway_plus
Vaults:1: nicolae_vaults_network_barrier, nicolae_vaults_twisting_passages,
          ontoclasm_vaults_ring_square, nicolae_vaults_tangram_1, v_misc_30,
          nicolae_vaults_tangram_1, ontoclasm_vaults_tryst,
          nicolae_vaults_what_the_h, nicolae_vaults_trapezoid_1,
          nicolae_vaults_diamond_2, nicolae_vaults_door_testing_chamber,
          layout_vaults_maze, serial_shops, nicolae_shop_drivethru,
          uniq_saint_roka
Vaults:2: v_misc_4, v_misc_9, v_rooms_4, nicolae_vaults_spaceships,
          nicolae_vaults_offset_grid_hallway_3, ontoclasm_vaults_loading_screen,
          ontoclasm_vaults_ring_small, nicolae_vaults_statue_guard,
          hangedman_vaults_stretched_pinwheel, minmay_crypt_entry_necro_gods,
          layout_vaults_quadrants
Vaults:3: nicolae_vaults_trapezoid_lopsided_2, nicolae_vaults_layer_cake_slice,
          nicolae_vaults_wine_cellar, nicolae_vaults_trapezoid_2,
          hangedman_vaults_corner, vaults_room_grid, v_misc_19,
          ontoclasm_vaults_hangar, v_rooms_2, nicolae_vaults_specimen_jars,
          ontoclasm_vaults_decontamination, nicolae_vaults_apartment_2,
          nicolae_vaults_surprise_closet, layout_vaults_omnicross
Vaults:4: vaults_room_boxed, nicolae_vaults_stairing_the_circle,
          ontoclasm_vaults_misaligned, nicolae_vaults_network_periphery,
          v_rooms_5, st_star, nicolae_vaults_tetromino_L_1,
          nicolae_vaults_apartment_2, ontoclasm_vaults_bender,
          vaults_dpeg_hooks, ontoclasm_vaults_gateway, v_pattern_5,
          hangedman_vaults_slice, layout_vaults_ring, uniq_margery
Vaults:5: serial_shops
Depths:1: layout_gridlike, hellmouth_2, nrook_loot_triangle,
          lemuel_flamethrower_1, minmay_shop_star
Depths:2: hangedman_elemental_death_ray, layout_basic, enter_ziggurat_d,
          pan_entry, nicolae_hell_entry_big_baal_hell, nicolae_uskayaw_suspiria,
          hangedman_aerie_drop, serial_bayou_shore_b, uniq_aizul, uniq_grunn
Depths:3: vault_1, layout_gridville, doesnt_xom_only_xom, pf_coc_iceberg,
          abyss_entry_glasseish, serial_co_window_serial, co_window_paths_a,
          co_window_paths_b, co_window_paths_a, co_window_corner_a,
          co_window_corner_a, co_window_of_opportunity_c, co_window_2corner,
          co_window_of_opportunity_b, hangedman_feature_mirror
Depths:4: evilmike_zot_entry_castle, layout_basic, mu_enter_wizlab_6,
          grunt_decor_arrowhead, hell_entry, nicolae_lava_and_water,
          chequers_serial_rivers_marsh, nicolae_hepliaklqana_hippocampus
Zot:1:    layout_onion
Zot:2:    layout_concentric_octagons
Zot:3:    layout_basic
Zot:4:    layout_gridlike, bh_zot_lava_cross, hangedman_snake_sidewinding
Zot:5:    layout_onion, grunt_ministairs_9

Skill      XL: |  1  2  3  4  5  6  7  8  9 10 11 12 13 14 15 16 17 18 19 20 21 22 23 24 25 |
---------------+----------------------------------------------------------------------------+-----
Axes           | 4 5 6 7 9 10 13 17 20 21 22 23 24 | 24.0
Stealth        | 1 2 7 13 | 13.0
Fighting       | 4 5 6 7 9 11 12 13 14 15 16 18 20 22 24 25 | 25.9
Armour         | 3 4 5 6 7 9 10 12 13 14 15 16 18 20 21 22 | 22.4
Dodging        | 3 4 5 6 8 9 10 11 12 | 12.0
Ranged Weapons | 2 3 4 6 8 9 10 | 10.0
Throwing       | 1 3 4 6 7 8 9 11 12 14 17 18 19 20 | 20.0
Evocations     | 1 3 4 5 7 8 9 10 11 12 14 16 | 16.0

Action                     |  1- 3 |  4- 6 |  7- 9 | 10-12 | 13-15 | 16-18 | 19-21 | 22-24 | 25-27 || total
---------------------------+-------+-------+-------+-------+-------+-------+-------+-------+-------++-------
  Melee: Hand axe          |    75 |   252 |    76 |   396 |       |       |       |       |       ||   799
         Headbutt          |     6 |    37 |    24 |    81 |   177 |   269 |   310 |   176 |    49 ||  1129
         Punch             |     1 |     2 |     2 |     6 |     1 |       |       |       |       ||    12
         Unarmed           |       |     7 |       |       |       |       |       |       |       ||     7
         War axe           |       |       |    96 |     6 |    35 |       |       |       |       ||   137
         Whip              |       |       |       |    47 |       |       |       |       |       ||    47
         Battleaxe         |       |       |       |    35 |   727 |   989 |   761 |   172 |   122 ||  2806
         Demon whip        |       |       |       |       |    19 |       |       |       |       ||    19
         Executioner's axe |       |       |       |       |       |    59 |   365 |   452 |    53 ||   929
   Fire: Sling             |       |       |     5 |       |       |       |       |       |       ||     5
         Shortbow          |       |       |   169 |    30 |       |       |       |       |       ||   199
         Longbow           |       |       |       |    15 |    92 |   121 |       |       |       ||   228
  Throw: Dart              |       |       |     2 |    27 |     3 |     1 |       |     2 |       ||    35
         Throwing net      |       |       |       |     1 |       |       |       |       |       ||     1
         Boomerang         |       |       |       |       |     1 |    41 |   101 |    21 |       ||   164
         Javelin           |       |       |       |       |       |       |     1 |    18 |     7 ||    26
 Invoke: Berserk           |       |     1 |       |     3 |     2 |     3 |     4 |     7 |       ||    20
         Trog's Hand       |       |       |     1 |     4 |     1 |     1 |     5 |       |     3 ||    15
         Brothers in Arms  |       |       |       |     3 |       |     1 |     4 |     1 |       ||     9
Ability: Evoke Invisibilit |       |       |       |     1 |     1 |       |       |       |       ||     2
  Evoke: Wand              |       |       |     3 |    10 |     5 |     8 |     2 |     3 |     1 ||    32
         Phantom mirror    |       |       |       |     1 |     1 |       |     1 |     1 |       ||     4
         Tin of tremorston |       |       |       |       |       |     3 |     4 |       |       ||     7
         Box of beasts     |       |       |       |       |       |     1 |       |       |       ||     1
         Phial of floods   |       |       |       |       |       |       |     1 |       |       ||     1
    Use: Scroll            |       |       |     9 |     9 |    15 |     7 |     7 |    22 |     1 ||    70
         Potion            |       |       |       |     1 |     1 |     4 |     6 |    12 |     5 ||    29
   Stab: Paralysed         |       |       |     2 |     6 |       |       |       |       |       ||     8
         Invisible         |       |       |       |       |     2 |       |       |       |       ||     2
         Petrified         |       |       |       |       |     1 |       |       |       |       ||     1
         Distracted        |       |       |       |       |       |       |     2 |     1 |       ||     3
 Armour: Animal skin       |     4 |       |       |       |       |       |       |       |       ||     4
         Leather armour    |    12 |       |       |       |       |       |       |       |       ||    12
         Chain mail        |       |   168 |   123 |    89 |       |       |       |       |       ||   380
         Skin              |       |     2 |       |       |       |       |       |       |       ||     2
         Scale mail        |       |       |       |   115 |     3 |       |       |       |       ||   118
         Plate armour      |       |       |       |       |   476 |   695 |   857 |   429 |       ||  2457
         Gold dragon scale |       |       |       |       |       |       |       |   189 |   164 ||   353
  Dodge: Dodged            |    51 |   111 |   110 |   249 |   345 |   596 |   639 |   474 |    82 ||  2657
